 Dungeon Crawl Stone Soup version 0.30-a0-234-g97d66968fd (webtiles) character file.

Game seed: 10554129708077301431

714 Essalna the Firebug (level 7, -1/44 HPs)
             Began as a Gargoyle Fire Elementalist on Oct 10, 2022.
             Slain by Pikel
             ... wielding a +0 whip of freezing
              (4 damage)
             ... on level 5 of the Dungeon.
             The game lasted 00:05:45 (4407 turns).

Essalna the Firebug (Gargoyle Fire Elementalist)    Turns: 4407, Time: 00:05:45

Health: -1/44      AC:  7    Str: 11    XL:     7   Next: 69%
Magic:  2/10       EV: 11    Int: 18    God:
Gold:   198        SH:  0    Dex: 10    Spells: 3/10 levels left

rFire   . . .      SeeInvis .    l - staff of conjuration
rCold   . . .      Faith    .    (no shield)
rNeg    + . .      Spirit   .    a - +0 robe
rPois   ∞          Reflect  .    (no helmet)
rElec   +          Harm     .    (no cloak)
rCorr   .          Rampage  .    x - +0 pair of gloves
Will    .....                    (no boots)
Stlth   ++........               (no amulet)
HPRegen 0.27/turn                (no ring)
MPRegen 0.12/turn                (no ring)

@: about to teleport
A: sickness immunity, AC +4, negative energy resistance 1, electricity
resistance, torment resistance 1, petrification resistance
a: no special abilities


You were on level 5 of the Dungeon.
You visited 1 branch of the dungeon, and saw 5 of its levels.

You collected 198 gold pieces.

Inventory:

Hand Weapons
 c - a +0 dagger
 e - a +1 short sword of speed
Armour
 a - a +0 robe (worn)
 x - a +0 pair of gloves (worn)
Magical Staves
 l - a staff of conjuration (weapon)
Jewellery
 y - a ring of flight
Wands
 m - a wand of roots (7)
 o - a wand of paralysis (6)
 z - a wand of mindburst (14)
Scrolls
 d - 8 scrolls of identify {unknown}
 h - a scroll of magic mapping {unknown}
 i - a scroll of teleportation
 j - 4 scrolls of blinking {unknown}
 n - a scroll of enchant armour {unknown}
 p - a scroll of fog {unknown}
 q - a scroll of brand weapon {unknown}
 r - 3 scrolls of poison {unknown}
 s - a scroll of immolation {unknown}
 v - a scroll of amnesia {unknown}
 w - a scroll of summoning {unknown}
Potions
 b - a potion of magic
 f - a potion of heal wounds {unknown}
 g - 2 potions of berserk rage {unknown}
 k - 5 potions of curing {unknown}
 t - a potion of resistance {unknown}
 u - a potion of degeneration {unknown}


   Skills:
 + Level 4.9 Fighting
 - Level 1.5 Dodging
 - Level 2.1 Stealth
 - Level 2.0 Spellcasting
 + Level 5.2 Conjurations
 + Level 5.5 Fire Magic


You had 3 spell levels left.
You knew the following spells:

 Your Spells              Type           Power      Damage    Failure   Level
a - Foxfire               Conj/Fire      100%       2x1d9     1%          1
b - Scorch                Fire           42%        2d7       2%          2
c - Flame Wave            Conj/Fire      31%        2d9       21%         4

Your spell library contained the following spells:

 Spells                   Type           Power      Damage    Failure   Level
 Magic Dart               Conj           100%       1d8       2%          1
 Inner Flame              Hex/Fire       11%        N/A       17%         3
 Call Imp                 Summ           1%         N/A       26%         2
 Kindle Blastsparks       Fire/Tloc/Air  16%        2d11      26%         3
 Mephitic Cloud           Conj/Pois/Air  12%        N/A       26%         3


Dungeon Overview and Level Annotations

Branches:
Dungeon (5/15)
 Temple: D:4-7

Altars:

Shops:
D:4 *   D:5 (

Annotations:
D:5 Pikel


Innate Abilities, Weirdness & Mutations

You are immune to sickness and miasma.
Your stone body is resilient. (AC +4)
You are immune to poison.
You resist negative energy. (rN+)
You are resistant to electric shocks. (rElec)
You are resistant to unholy torment.
You are immune to petrification.


Message History

Pikel is heavily wounded.
The foxfire hits the lemure.
The lemure is heavily wounded.
Pikel attacks as you move away!
Pikel hits you with a +0 whip of freezing.
Pikel freezes you.
The foxfire hits the lemure.
The lemure is severely wounded.
The lemure attacks as you move away! The lemure barely misses you.
The lemure attacks as you move away! The lemure barely misses you.
Found a scroll labelled ZEUWEM FOEPOL.
Pikel attacks as you move away!
Pikel hits you with a +0 whip of freezing.
Pikel freezes you. Pikel attacks as you move away! Pikel barely misses you.
The lemure attacks as you move away! The lemure hits you but does no damage.
Pikel attacks as you move away! Pikel hits you but does no damage.
Pikel attacks as you move away!
Pikel hits you with a +0 whip of freezing.
Pikel freezes you. The lemure attacks as you move away!
The lemure closely misses you. Pikel attacks as you move away!
Pikel hits you with a +0 whip of freezing!
Pikel freezes you.
An orc comes into view. It is wielding a +0 whip.
You see here a scroll labelled ZEUWEM FOEPOL.
Pikel attacks as you move away!
Pikel hits you with a +0 whip of freezing!
* * * LOW HITPOINT WARNING * * *
Pikel freezes you.
* * * LOW HITPOINT WARNING * * *
You hear a shout!
As you read the scroll labelled WOQ XIMMIHEA, it crumbles to dust.
You feel strangely unstable.
It was a scroll of teleportation.
Pikel hits you with a +0 whip of freezing.
* * * LOW HITPOINT WARNING * * *
Pikel freezes you.
* * * LOW HITPOINT WARNING * * *
Pikel attacks as you move away!
Pikel hits you with a +0 whip of freezing.
You die...

...)..........#.....###
..............#.....#.#
........8...8###.....##
..........8...#..5..#.#
..............#......###
####.#.....[..#........#
#.#.......#.#.5.....#
#.#......#.#.#K5....#
#.#.....#.#.#@#.....#
#.#....#.##.##.#....#
#.#...#.### #.#...#
####.#..#)## #.#..#
.....#.#)## #.#.#
#######.######. #.##
............... ...
############### ## #<#


You could see Pikel and 3 lemures.

Vanquished Creatures
  Sigmund (D:2)
  2 ogres (D:5)
  A centaur (D:5)
  A scorpion (D:3)
  A howler monkey (D:4)
  A hound (D:4)
  A jelly (D:4)
  Jessica (D:2)
  5 adders
  2 dart slugs
  2 worms (D:2)
  2 orcs (D:5)
  5 ball pythons
  5 bats
  7 endoplasms
  8 giant cockroaches
  7 goblins
  9 hobgoblins
  3 jackals (D:4)
  A quokka (D:1)
  2 frilled lizards (D:3)
  7 kobolds
  6 rats
80 creatures vanquished.

Vanquished Creatures (others)
  340 foxfires
340 creatures vanquished.

Grand Total: 420 creatures vanquished

Notes
Turn   | Place    | Note
-------+----------+-------------------------------------------
     0 | D:1      | Essalna the Gargoyle Fire Elementalist began the quest for
                  | the Orb.
     0 | D:1      | Reached XP level 1. HP: 10/10 MP: 3/3
   103 | D:1      | Reached XP level 2. HP: 16/16 MP: 0/5
   170 | D:1      | Found a faded altar of an unknown god.
   304 | D:1      | Reached skill level 1 in Fighting
   758 | D:1      | Reached XP level 3. HP: 20/20 MP: 2/6
   808 | D:1      | Learned a level 2 spell: Scorch
  1099 | D:2      | Noticed Jessica
  1111 | D:2      | Killed Jessica
  1195 | D:2      | Reached XP level 4. HP: 25/26 MP: 3/7
  1801 | D:2      | Noticed Sigmund
  1808 | D:2      | Killed Sigmund
  1809 | D:2      | Reached XP level 5. HP: 32/32 MP: 0/8
  1809 | D:2      | Reached XP level 6. HP: 37/37 MP: 0/9
  3495 | D:4      | Reached skill level 5 in Fire Magic
  3593 | D:4      | Learned a level 4 spell: Flame Wave
  3609 | D:4      | Found Nefrioso's Gadget Gallery.
  3628 | D:4      | Reached XP level 7. HP: 38/43 MP: 6/10
  3888 | D:5      | Entered Level 5 of the Dungeon
  4209 | D:5      | Reached skill level 5 in Conjurations
  4265 | D:5      | Found Darylaul's Antique Weapon Shoppe.
  4385 | D:5      | Noticed Pikel
  4407 | D:5      | Slain by Pikel

Illustrated notes

Levels and vault maps discovered:
D:1:      psy_arrival_fountain, layout_loops_ring,
          chequers_ecumenical_altar_simple
D:2:      minmay_general_purpose_star, layout_rooms, uniq_jessica, uniq_sigmund
D:3:      layout_rooms, grunt_ministairs_10
D:4:      layout_cave_pools, kennysheep_big_empty_room,
          minmay_stone_trees_medium, minmay_misc_feat_diagonals,
          nicolae_shop_gadgets
D:5:      wad_pebble_path, layout_basic, nicolae_take_the_stairs, uniq_pikel

Skill      XL: |  1  2  3  4  5  6  7 |
---------------+----------------------+-----
Fighting       | 1 2 3 4 |  4.9
Conjurations   | 2 3 4 5 |  5.2
Fire Magic     | 4 5 |  5.5
Dodging        | |  1.5
Stealth        | |  2.1
Spellcasting   | |  2.0

Action                   |  1- 3 |  4- 6 |  7- 9 || total
-------------------------+-------+-------+-------++-------
Melee: Dagger            |     6 |       |       ||     6
       Punch             |     1 |     1 |       ||     2
       Short sword       |    11 |       |       ||    11
       Staff             |       |    47 |     4 ||    51
 Cast: Foxfire           |    43 |   129 |    33 ||   205
  Use: Scroll            |       |       |     1 ||     1
 Stab: Sleeping          |     1 |       |       ||     1
Armor: Robe              |     8 |    37 |     4 ||    49
Dodge: Dodged            |     6 |    43 |    10 ||    59

Table legend: (Time is in decaauts)
 A = Elapsed time spent in this place.
 B = Non-inter-level travel time spent in this place.
 C = Inter-level travel time spent in this place.
 D = Time resting spent in this place.
 E = Time spent auto-exploring this place.
 F = Levels seen in this place.
 G = Mean time per level.
                   A        B        C        D        E       F      G
               +--------+--------+--------+--------+--------+-----+--------+
         Total |   4411 |   4323 |     88 |      0 |   3704 |   5 |  882.2 |
       Dungeon |   4411 |   4323 |     88 |      0 |   3704 |   5 |  882.2 |
               +--------+--------+--------+--------+--------+-----+--------+

Top non-repeatable levels by time:
     D:1: 1086 daAuts
     D:3: 1020 daAuts
     D:2: 972 daAuts
     D:4: 812 daAuts
     D:5: 519 daAuts
